Map: Thunderbird LE

Players

SaLemandr

  • Race: Terran Terran
  • Spawn Location: 5:00

Clem - Winner!

  • Race: Terran Terran
  • Spawn Location: 11:00

Event: 2019 WCS Summer

VOD

Have the link to the VOD?

Description

Time

  • Played on: July 12, 2019, 6:17 a.m.
  • Length: 5:19

All games in this series

Show
View Real Time Build Order
Export as new Build Order

SaLemandr Terran 

Build Orders: Gas First Reaper Expand, Liberator Opening 

Get SALT Encoding   

  12  0:00  SCV  
  13  0:12  SCV  
  14  0:16  Supply Depot  
  14  0:24  SCV  
  15  0:28  Refinery  
  15  0:38  SCV  
  16  0:44  Barracks  
  16  0:50  SCV  
  17  1:02  SCV  
  18  1:14  SCV  
  19  1:31  Orbital Command, Reaper  
  20  1:45  Command Center  
  20  1:57  SCV  
  20  1:59  Factory  
  21  2:06  Reaper  
  21  2:08  Supply Depot  
  22  2:12  SCV  
  23  2:18  Refinery  
  23  2:29  SCV  
  24  2:41  SCV  
  25  2:47  Barracks Reactor  
  25  2:48  Hellion  
  27  2:53  SCV  
  27  2:56  Starport  
  28  2:58  Orbital Command  
  28  3:06  SCV  
  28  3:16  Liberator  
  28  3:18  SCV  
  27  3:21  Hellion  
  27  3:24  Marine  
  27  3:25  Marine  
  30  3:27  SCV  
  30  3:30  SCV  
  33  3:40  SCV  
  32  3:42  Marine x2  
  32  3:52  SCV  
  32  3:54  SCV  
  30  3:59  Hellion  
  30  4:00  Marine x2  
  33  4:04  SCV  
  33  4:07  SCV  
  31  4:16  SCV  
  32  4:22  Starport Tech Lab  
  32  4:23  SCV  
  31  4:28  Marine  
  31  4:30  SCV  
  32  4:31  Marine  
  32  4:36  Hellion  
  34  4:47  Barracks  
  34  4:49  SCV  
  34  4:50  Barracks  
  34  4:51  Marine  
  36  4:54  Marine  
  36  4:58  Factory Tech Lab  
  36  4:59  SCV  
  38  5:04  SCV  
Show
View Real Time Build Order
Export as new Build Order

Clem Terran - Winner!

Build Orders: Liberator Opening 

Get SALT Encoding   

  12  0:00  SCV  
  13  0:13  SCV  
  14  0:17  Supply Depot  
  14  0:25  SCV  
  14  0:27  Refinery  
  15  0:39  SCV  
  16  0:43  Barracks  
  16  0:51  SCV  
  16  0:55  Refinery  
  17  1:03  SCV  
  18  1:15  SCV  
  19  1:30  Orbital Command  
  19  1:32  Factory  
  19  1:36  Reaper  
  20  1:45  Supply Depot  
  20  1:55  SCV  
  21  2:08  SCV, Reaper  
  25  2:15  Hellion  
  25  2:20  SCV  
  26  2:29  Command Center  
  26  2:36  SCV  
  27  2:40  Hellion  
  29  2:45  Reaper  
  29  2:50  Starport  
  30  2:54  Supply Depot  
  30  3:00  SCV  
  30  3:03  Factory Tech Lab  
  31  3:15  SCV  
  30  3:21  Barracks Reactor  
  30  3:23  Cyclone  
  33  3:27  SCV  
  34  3:34  Liberator  
  34  3:36  Refinery  
  34  3:39  SCV  
  35  3:42  Orbital Command  
  34  3:52  SCV  
  38  4:03  Cyclone  
  38  4:04  SCV  
  38  4:07  Marine x2  
  42  4:10  Supply Depot  
  42  4:11  SCV  
  42  4:16  SCV  
  44  4:23  SCV  
  45  4:24  Marine x2  
  45  4:28  SCV  
  46  4:32  Supply Depot  
  46  4:35  SCV  
  50  4:39  Siege Tank  
  50  4:40  SCV  
  50  4:42  Marine x2  
  50  4:43  Supply Depot  
  56  4:47  SCV  
  56  4:51  Engineering Bay  
  56  5:00  Marine x2  
  56  5:01  SCV x2  
  61  5:16  Command Center  
Tags
 
Add a new tag
Caveats
  • Supply blocks, unpowered buildings, or Contaminate may cause inaccurate times.
  • Supply counts are checked every 10 seconds.